 Dungeon Crawl Stone Soup version 0.30.0-5-g1a98f26d00 (webtiles) character file.

Game seed: 15565466292900643364

123 MacCMillion the Slasher (level 5, -4/38 HPs)
             Began as a Merfolk Gladiator on May 11, 2023.
             Slain by Ijyb
             ... wielding a +0 club
              (7 damage)
             ... on level 4 of the Dungeon.
             The game lasted 00:03:50 (3062 turns).

MacCMillion the Slasher (Merfolk Gladiator)         Turns: 3062, Time: 00:03:50

Health: -4/38      AC:  6    Str: 14    XL:     5   Next: 7%
Magic:  5/5        EV: 13    Int:  8    God:
Gold:   136        SH:  0    Dex: 17    Spells: 4/4 levels left

rFire   . . .        a - +0 long sword
rCold   . . .        (no shield)
rNeg    . . .        b - +0 leather armour
rPois   .            c - +0 helmet
rElec   .            v - +1 cloak
rCorr   .            (no gloves)
SInv    .            (no boots)
Will    .....        (no amulet)
Stlth   +            (no ring)
HPRegen 0.26/turn    (no ring)
MPRegen 0.09/turn

%: no passive effects
@: no status effects
A: (nimble swimmer 2), mertail
a: no special abilities


You were on level 4 of the Dungeon.
You visited 1 branch of the dungeon, and saw 4 of its levels.

You collected 136 gold pieces.

Inventory:

Hand Weapons
 a - a +0 long sword (weapon)
Missiles
 d - 3 throwing nets (quivered)
 e - a javelin
 u - 6 boomerangs
Armour
 b - a +0 leather armour (worn)
 c - a +0 helmet (worn)
 f - a +2 kite shield
 v - a +1 cloak (worn)
Jewellery
 n - a ring of fire
Wands
 r - a wand of roots (8)
Scrolls
 i - 2 scrolls of enchant weapon {unknown}
 k - 2 scrolls of identify {unknown}
 l - 3 scrolls of butterflies {unknown}
 m - a scroll of brand weapon {unknown}
 s - 2 scrolls of immolation {unknown}
 t - 2 scrolls of teleportation {unknown}
Potions
 g - 2 potions of might {unknown}
 h - a potion of attraction {unknown}
 j - a potion of invisibility {unknown}
 o - a potion of heal wounds {unknown}
 p - a potion of lignification {unknown}
 q - a potion of degeneration {unknown}
 w - a potion of brilliance {unknown}
 x - a potion of resistance {unknown}


   Skills:
 - Level 2.1 Fighting
 + Level 6.7 Long Blades
 - Level 2.0 Throwing
 - Level 4.0 Dodging


You had 4 spell levels left.
You didn't know any spells.
Your spell library contained the following spells:

 Spells                   Type           Power      Damage    Failure   Level
 Beastly Appendage        Tmut           0%         N/A       50%         1
 Slow                     Hex            0%         N/A       50%         1
 Blink                    Tloc           0%         N/A       63%         2
 Wereblood                Tmut           0%         N/A       63%         2
 Confusing Touch          Hex            0%         N/A       86%         3
 Spider Form              Tmut/Pois      0%         N/A       86%         3
 Summon Guardian Golem    Hex/Summ       0%         N/A       86%         3
 Vampiric Draining        Necr           0%         2d6       86%         3
 Manifold Assault         Tloc           0%         N/A       99%         4
 Orb of Destruction       Conj           0%         9d5       100%        7
 Spellforged Servitor     Conj/Summ      0%         N/A       100%        7
 Storm Form               Tmut/Air       0%         N/A       100%        7


Dungeon Overview and Level Annotations

Branches:
Dungeon (4/15)
 Temple: D:4-7

Altars:
Ashenzari
Sif Muna

Annotations:
D:4 Ijyb, Robin


Innate Abilities, Weirdness & Mutations

((You are very nimble when in or above water. (Stealth+, EV+, Speed+++)))
Your lower body shifts to a powerful aquatic tail in water.


Message History

Ijyb is moderately wounded.
Ijyb hits you with a +0 club. Ijyb closely misses you.
You hit Ijyb but do no damage.
Ijyb is moderately wounded.
Ijyb barely misses you. Ijyb misses you.
You hit Ijyb but do no damage.
Ijyb is moderately wounded.
Ijyb barely misses you.
You closely miss Ijyb.
Ijyb is moderately wounded.
Ijyb barely misses you. Ijyb hits you with a +0 club.
You barely miss Ijyb.
Ijyb is lightly wounded.
Ijyb barely misses you.
You hit Ijyb but do no damage.
Ijyb is lightly wounded.
Ijyb hits you with a +0 club. x2
You slash Ijyb!
Ijyb is moderately wounded.
Ijyb closely misses you. Ijyb hits you with a +0 club.
You slash Ijyb!
Ijyb is severely wounded.
Ijyb barely misses you.
You barely miss Ijyb.
Ijyb is severely wounded.
Ijyb hits you with a +0 club!
* * * LOW HITPOINT WARNING * * *
Ijyb completely misses you.
You hit Ijyb.
Ijyb is severely wounded.
Ijyb misses you.
You closely miss Ijyb.
Ijyb is severely wounded.
Ijyb hits you with a +0 club!
* * * LOW HITPOINT WARNING * * *
Ijyb misses you.
You hit Ijyb but do no damage.
Ijyb is severely wounded.
Ijyb hits you with a +0 club!
You die...

#.......#
#.......#
#.......#
#.......#
#.......#
#.......#
#...g...####
.#.###...@.......
.............###.
#.##.#.#......# #
#.#......#
#)#......#
#.#.###.##
#.#.#.#.#
#.#.#.#.#
#.#.#..<#


You could see Ijyb (berserk).

Vanquished Creatures
  5 adders
  2 worms
  A dart slug (D:1)
  9 bats
  4 endoplasms
  3 giant cockroaches (D:3)
  9 goblins
  12 hobgoblins
  2 jackals (D:1)
  2 quokkas
  4 ball pythons
  2 frilled lizards
  2 kobolds
  6 rats
63 creatures vanquished.

Notes
Turn   | Place    | Note
-------+----------+-------------------------------------------
     0 | D:1      | MacCMillion the Merfolk Gladiator began the quest for the
                  | Orb.
     0 | D:1      | Reached XP level 1. HP: 16/16 MP: 1/1
   123 | D:1      | Reached skill level 4 in Long Blades
   198 | D:1      | Reached XP level 2. HP: 18/22 MP: 2/2
   443 | D:1      | Reached XP level 3. HP: 23/27 MP: 3/3
   475 | D:1      | Reached skill level 5 in Long Blades
   785 | D:2      | You fall into a shaft and drop 2 floors!
   880 | D:3      | Found a shimmering blue altar of Sif Muna.
   907 | D:3      | Found a broken altar of Ashenzari.
  1426 | D:3      | Reached XP level 4. HP: 33/33 MP: 4/4
  1499 | D:3      | Reached skill level 6 in Long Blades
  2429 | D:2      | Reached XP level 5. HP: 30/38 MP: 5/5
  2747 | D:4      | Noticed Robin
  2747 | D:4      | Noticed Ijyb
  3062 | D:4      | Slain by Ijyb

Illustrated notes

Levels and vault maps discovered:
D:1:      tarquinn_simple_flora_water_b, layout_basic
D:2:      layout_basic, minivault_26
D:3:      minmay_chambers_of_twos, layout_rooms, ashenzari_conservatory_becter,
          led_sif_pool
D:4:      layout_basic, grunt_dithmenos_smoke_and_mirrors, minitemple,
          serial_shops, shop, nicolae_shop_crystal, shop, nicolae_goblin_pals

Skill      XL: |  1  2  3  4 |
---------------+-------------+-----
Long Blades    | 4 5 6 |  6.7
Fighting       | |  2.1
Throwing       | |  2.0
Dodging        | |  4.0

Action                     |  1- 3 |  4- 6 || total
---------------------------+-------+-------++-------
  Melee: Long sword        |    93 |   128 ||   221
         Punch             |     1 |       ||     1
   Stab: Sleeping          |       |     4 ||     4
 Armour: Leather armour    |    25 |    35 ||    60
  Dodge: Dodged            |    81 |    64 ||   145
